[Event "November 21 Late 2023"]
[Site "https://www.chess.com"]
[Date "2023.11.21"]
[Round "8"]
[White "Demchenko, Anton"]
[Black "Reprintsev, Alexander"]
[Result "1-0"]
[Board "40"]
[TimeControl "180+1"]
[WhiteFideId "4160258"]
[BlackFideId "14100541"]
[WhiteElo "2545"]
[BlackElo "2229"]
[WhiteTeam "SLO"]
[BlackTeam "UKR"]
[WhiteClock "0:00:15"]
[BlackClock "0:00:05"]

1. e4 d5 2. exd5 Qxd5 3. Nc3 Qa5 4. g3 Nc6 5. Bg2 Nf6 6. d3 Bg4 7. Ne2 Nd4 8. Kf1 O-O-O 9. h3 Bf3 10. Bxf3 Nxf3 11. Kg2 Nd4 12. Nxd4 Rxd4 13. Be3 Rd7 14. Qf3 e6 15. a4 a6 16. Rhb1 Bd6 17. Nb5 Nd5 18. c3 Nxe3+ 19. Qxe3 c6 20. b4 Qd8 21. Nxd6+ Rxd6 22. d4 Re8 23. b5 a5 24. bxc6 Rxc6 25. Rb5 Qc7 26. d5 Rxc3 27. Qa7 exd5 28. Rab1 Re7 29. Rxa5 Qc6 30. Rb6 Qc7 31. Rxd5 Rc6 32. Qa8+ Qb8 33. Rd8+ Kxd8 34. Qxb8+ 1-0

[Event "November 21 Late 2023"]
[Site "https://www.chess.com"]
[Date "2023.11.21"]
[Round "8"]
[White "ciutadella"]
[Black "Bazeev, German"]
[Result "1/2-1/2"]
[Board "41"]
[TimeControl "180+1"]
[BlackFideId "24119350"]
[WhiteElo "2536"]
[BlackElo "2418"]
[BlackTeam "RUS"]
[WhiteClock "0:00:11"]
[BlackClock "0:00:49"]

1. Nf3 Nf6 2. c4 c6 3. d4 d5 4. e3 Bf5 5. cxd5 cxd5 6. Nc3 Nc6 7. Ne5 e6 8. g4 Nxe5 9. dxe5 Nxg4 10. Qa4+ Ke7 11. Qb4+ Kd7 12. Qxb7+ Qc7 13. Bb5+ Kd8 14. Qxa8+ Qc8 15. Qxc8+ Kxc8 16. f4 Bc5 17. Ke2 f6 18. h3 Nh6 19. Bd3 fxe5 20. Bxf5 Nxf5 21. Rd1 Rf8 22. Bd2 Kb7 23. Rac1 Bb6 24. Na4 Ng3+ 25. Kf3 Ne4 26. Nxb6 axb6 27. Bc3 exf4 28. exf4 g5 29. Be5 gxf4 30. Rc7+ Ka6 31. a4 Ng5+ 32. Kg4 Ne4 33. Rf1 f3 34. Rxf3 h5+ 35. Kxh5 Rxf3 36. Kg6 Rxh3 37. b4 Rf3 38. Rc6 Ra3 39. a5 Nd2 40. Rxb6+ Ka7 41. Bb8+ Ka8 42. Bc7 d4 43. a6 Nc4 44. Rb8+ Ka7 45. b5 d3 46. Rb7+ Ka8 47. Rb8+ Ka7 48. Rb7+ Ka8 49. Rb8+ Ka7 1/2-1/2

[Event "November 21 Late 2023"]
[Site "https://www.chess.com"]
[Date "2023.11.21"]
[Round "8"]
[White "Tatarinov, Dmitry"]
[Black "Prithu Gupta"]
[Result "0-1"]
[Board "42"]
[TimeControl "180+1"]
[WhiteFideId "24160067"]
[BlackFideId "46618546"]
[WhiteElo "2344"]
[BlackElo "2344"]
[WhiteTeam "RUS"]
[BlackTeam "IND"]
[WhiteClock "0:02:37"]
[BlackClock "0:02:46"]

1. d4 Nf6 2. c4 e6 3. Nc3 d5 4. cxd5 exd5 5. Bg5 Be7 6. e3 O-O 7. Qc2 c6 8. Bd3 Nbd7 9. Nge2 Re8 10. O-O Nf8 11. Rab1 a5 12. a3 Ng4 13. Bf4 Bd6 14. Bxd6 Qxd6 15. h3 Qh2# 0-1

[Event "November 21 Late 2023"]
[Site "https://www.chess.com"]
[Date "2023.11.21"]
[Round "8"]
[White "Korchmar, Vasiliy"]
[Black "Della Morte, German"]
[Result "1-0"]
[Board "43"]
[TimeControl "180+1"]
[WhiteFideId "24131750"]
[BlackFideId "113522"]
[WhiteElo "2372"]
[BlackElo "2306"]
[WhiteTeam "RUS"]
[BlackTeam "ARG"]
[WhiteClock "0:00:20"]
[BlackClock "0:01:42"]

1. e4 c6 2. d4 d5 3. exd5 cxd5 4. Bd3 Nf6 5. c3 Nc6 6. Bf4 Bg4 7. Qb3 Qb6 8. Qxb6 axb6 9. Nd2 e6 10. Ngf3 Be7 11. Ne5 Nxe5 12. dxe5 Nd7 13. Bb5 Rd8 14. c4 O-O 15. cxd5 exd5 16. O-O Nc5 17. h3 Bh5 18. Rfe1 Ne6 19. Bg3 Bb4 20. Nb3 Bxe1 21. Rxe1 d4 22. f4 d3 23. f5 d2 24. Nxd2 Rxd2 25. fxe6 fxe6 26. Bc4 Bf7 27. b4 Rc8 28. Bb3 Rcd8 29. Rc1 R2d4 30. b5 h5 31. Bf2 Re4 32. Bxb6 Ra8 33. Rc7 Rxe5 34. a4 Rd8 35. Rxf7 Rd3 36. Rf3 Rxf3 37. gxf3 h4 38. Kf2 Kf7 39. Bc4 g5 40. a5 Rf5 41. a6 bxa6 42. bxa6 Rf4 43. a7 Rxc4 44. a8=Q 1-0

[Event "November 21 Late 2023"]
[Site "https://www.chess.com"]
[Date "2023.11.21"]
[Round "8"]
[White "Khater, Sherif"]
[Black "Djokic, Mihailo"]
[Result "0-1"]
[Board "44"]
[TimeControl "180+1"]
[WhiteFideId "2034280"]
[BlackFideId "976440"]
[WhiteElo "2520"]
[BlackElo "2265"]
[WhiteTeam "USA"]
[BlackTeam "SRB"]
[WhiteClock "0:01:11"]
[BlackClock "0:02:20"]

1. d4 Nf6 2. Bg5 d5 3. Bxf6 gxf6 4. e3 e5 5. c4 exd4 6. Qxd4 Nc6 7. Qxd5 Qxd5 8. cxd5 Nb4 9. Na3 Bf5 10. Bb5+ c6 11. dxc6 bxc6 12. Be2 Rg8 13. g3 O-O-O 14. Nf3 Nd3+ 15. Bxd3 Bxd3 16. O-O-O Bxa3 17. bxa3 Be4 18. Nd4 Bxh1 19. Rxh1 Rg5 20. h4 Ra5 21. Kb2 Kc7 22. Rc1 Rb8+ 23. Nb3 Rf5 24. f4 h5 25. Kc3 Rd5 26. Rc2 Rg8 27. Rg2 f5 28. Nd4 Re8 29. Re2 Re4 30. Kc4 Rdxd4+ 0-1

[Event "November 21 Late 2023"]
[Site "https://www.chess.com"]
[Date "2023.11.21"]
[Round "8"]
[White "Musovic, Armin"]
[Black "MKlose11"]
[Result "1-0"]
[Board "45"]
[TimeControl "180+1"]
[WhiteFideId "939935"]
[WhiteElo "2322"]
[BlackElo "2644"]
[WhiteTeam "MNE"]
[WhiteClock "0:00:35"]
[BlackClock "0:00:00"]

1. a3 Nf6 2. Nf3 g6 3. Nc3 Bg7 4. e4 d6 5. d4 O-O 6. Bg5 c6 7. h3 a6 8. Bd3 Nbd7 9. O-O e5 10. Re1 Qb6 11. d5 cxd5 12. exd5 Nc5 13. Be3 Qc7 14. Bf1 Bd7 15. Qc1 Rfe8 16. Bh6 Bh8 17. Ng5 Nh5 18. Nge4 Nxe4 19. Nxe4 f5 20. Ng5 Rac8 21. c4 b5 22. cxb5 axb5 23. Qxc7 Rxc7 24. Ne6 Bxe6 25. dxe6 Rxe6 26. Rac1 Ree7 27. Bxb5 d5 28. Bc6 Nf6 29. b4 Bg7 30. Bd2 d4 31. b5 Ra7 32. Bb4 Rf7 33. b6 Ra6 34. b7 Rb6 35. Rxe5 Rfxb7 36. Bxb7 Rxb7 37. Re7 Rxe7 38. Bxe7 Nd5 39. Bg5 Nc3 40. Kf1 Kf7 41. Bd2 Ne4 42. Be1 Ke6 43. f3 Nd6 44. a4 Kd5 45. a5 d3 46. a6 Bd4 47. Bf2 Nb5 48. Bxd4 Kxd4 49. Rb1 1-0

[Event "November 21 Late 2023"]
[Site "https://www.chess.com"]
[Date "2023.11.21"]
[Round "8"]
[White "Kuegel, Tobias"]
[Black "Vlassov, Nikolai"]
[Result "1/2-1/2"]
[Board "46"]
[TimeControl "180+1"]
[WhiteFideId "4636295"]
[BlackFideId "4103360"]
[WhiteElo "2213"]
[BlackElo "2324"]
[WhiteTeam "GER"]
[BlackTeam "FID"]
[WhiteClock "0:00:07"]
[BlackClock "0:01:09"]

1. e4 Nc6 2. Nf3 d5 3. exd5 Qxd5 4. Nc3 Qa5 5. d4 Bg4 6. Bd2 O-O-O 7. d5 Nb4 8. Bc4 Bxf3 9. gxf3 Nf6 10. a3 Qc5 11. axb4 Qxc4 12. Rxa7 Nxd5 13. Ra8+ Kd7 14. Rxd8+ Kxd8 15. b3 Qc6 16. b5 Qe6+ 17. Be3 c6 18. bxc6 bxc6 19. O-O Ke8 20. Nxd5 Qxd5 21. Qa1 f6 22. Kg2 g5 23. Rd1 Qf5 24. Qa8+ Kf7 25. Qxc6 e6 26. Rd7+ Kg6 27. Rd8 h5 28. Qe8+ Kh6 29. Qf7 Bg7 30. Rxh8+ Bxh8 31. h4 Bg7 32. hxg5+ fxg5 33. Qxf5 exf5 34. b4 f4 35. Ba7 g4 36. fxg4 hxg4 37. b5 Kg5 38. f3 gxf3+ 39. Kxf3 Kf5 40. b6 Bd4 41. c3 Bc5 42. Ke2 Ke4 43. Kf1 f3 44. c4 Kd3 45. Bb8 Bxb6 46. Bd6 Kxc4 47. Bg3 Kd3 48. Bf2 Bc7 49. Ba7 Ke4 50. Bf2 Bf4 51. Bh4 Be3 52. Bf2 Bd2 53. Bh4 Kf4 54. Bf2 Bc3 55. Ba7 Be5 56. Bb6 Ke4 57. Ba5 Bd4 58. Bc7 Be3 59. Bd6 Kd5 60. Bf8 Kc4 61. Be7 Kd3 62. Bf8 Bd4 63. Be7 Bg7 64. Bd8 Ke3 65. Bc7 Bf8 66. Bb6+ Kf4 67. Bc7+ Kg4 68. Bb6 Bd6 69. Ba7 Bf4 70. Bb6 Kf5 71. Ba5 Ke4 72. Bb6 Be3 73. Bc7 Bc5 74. Ba5 Ke3 75. Bd8 Bb4 76. Bc7 Bc5 77. Bd8 f2 78. Bh4 Kf3 79. Bxf2 1/2-1/2

[Event "November 21 Late 2023"]
[Site "https://www.chess.com"]
[Date "2023.11.21"]
[Round "8"]
[White "Horak, Martin"]
[Black "Zhurbinsky, David"]
[Result "0-1"]
[Board "47"]
[TimeControl "180+1"]
[WhiteFideId "367095"]
[BlackFideId "2072904"]
[WhiteElo "2091"]
[BlackElo "2623"]
[WhiteTeam "CZE"]
[BlackTeam "USA"]
[WhiteClock "0:00:03"]
[BlackClock "0:00:05"]

1. e4 e5 2. Nc3 Nf6 3. Bc4 c6 4. Nf3 b5 5. Bb3 b4 6. Nb1 Nxe4 7. Qe2 d5 8. d3 Nf6 9. Nxe5 Be7 10. O-O O-O 11. Re1 Re8 12. d4 Bf5 13. Nd2 Bd6 14. Nf1 Qb6 15. Be3 Nbd7 16. Ng3 Bg6 17. Rac1 Qc7 18. Nxg6 hxg6 19. c4 bxc3 20. Rxc3 Bb4 21. Rec1 Bxc3 22. Rxc3 Qd6 23. Qc2 Rac8 24. Ba4 Nb6 25. Bb3 a5 26. a4 Ng4 27. Bd2 Qf6 28. Be3 Re6 29. Qd2 Rce8 30. Bd1 Nxe3 31. fxe3 Nc4 32. Qf2 Nxe3 33. Qxf6 Rxf6 34. Bf3 Nc4 35. b3 Nd2 36. Be2 Rxe2 37. Nxe2 Rf1# 0-1

[Event "November 21 Late 2023"]
[Site "https://www.chess.com"]
[Date "2023.11.21"]
[Round "8"]
[White "Silva Lucena, Cristian"]
[Black "Koksal, Ege"]
[Result "1-0"]
[Board "48"]
[TimeControl "180+1"]
[WhiteFideId "2232588"]
[BlackFideId "6317626"]
[WhiteElo "2248"]
[BlackElo "2230"]
[WhiteTeam "ESP"]
[BlackTeam "TUR"]
[WhiteClock "0:01:07"]
[BlackClock "0:00:00"]

1. e4 e5 2. Nf3 Nc6 3. Bc4 Bc5 4. d4 Bxd4 5. Nxd4 Nxd4 6. Be3 Ne6 7. Bxe6 dxe6 8. Qg4 g6 9. Nc3 f6 10. h4 Ne7 11. Rd1 Bd7 12. h5 g5 13. h6 Kf7 14. Rh3 Ng6 15. Bxg5 fxg5 16. Rhd3 Nf8 17. Rf3+ Kg8 18. Rxd7 Qxd7 19. Nd5 Qd8 20. Nf6+ Kf7 21. Nxh7+ Ke7 22. Qxg5+ 1-0

[Event "November 21 Late 2023"]
[Site "https://www.chess.com"]
[Date "2023.11.21"]
[Round "8"]
[White "Banzea, Alexandru-Bogdan"]
[Black "Bilan, Danila"]
[Result "0-1"]
[Board "49"]
[TimeControl "180+1"]
[WhiteFideId "1232622"]
[BlackFideId "24161918"]
[WhiteElo "2294"]
[BlackElo "2146"]
[WhiteTeam "ROU"]
[BlackTeam "RUS"]
[WhiteClock "0:00:13"]
[BlackClock "0:00:05"]

1. d4 d5 2. Nc3 Nf6 3. Bf4 c6 4. e3 Bf5 5. f3 h6 6. g4 Bh7 7. Bd3 Bxd3 8. Qxd3 e6 9. Nge2 Bd6 10. O-O-O Qc7 11. h4 Nbd7 12. g5 Nh5 13. Bxd6 Qxd6 14. g6 f5 15. e4 Nf4 16. Qe3 Nxe2+ 17. Nxe2 O-O 18. e5 Qe7 19. Nf4 Rfc8 20. Kb1 c5 21. c4 cxd4 22. Rxd4 Rxc4 23. Rxc4 dxc4 24. Rd1 Nf8 25. Rd6 Qxh4 26. Nxe6 Qh1+ 27. Kc2 Nxg6 28. f4 Nf8 29. Nd4 Qg2+ 30. Kc3 b5 31. Nxf5 b4+ 32. Kd4 Qxb2+ 33. Kd5 c3 34. Nxh6+ gxh6 35. Qg3+ Kh7 36. Qd3+ Kg7 37. f5 Qd2 38. f6+ Kf7 39. Ke4 Qxd3+ 40. Kxd3 Rc8 41. Kc2 Ng6 42. Rd7+ Ke6 43. Rxa7 Nxe5 44. Rh7 Nc4 45. Rxh6 Na3+ 46. Kc1 Rg8 47. f7+ Kxf7 48. Rh7+ Rg7 49. Rh1 Kf6 50. Rf1+ Ke5 51. Re1+ Kd4 52. Rd1+ Kc4 53. Re1 Kb5 54. Re5+ Ka4 55. Re1 Rg2 56. Kd1 Rxa2 57. Re8 c2+ 58. Kd2 Ra1 59. Ra8+ Kb3 60. Rc8 Rd1+ 61. Ke2 c1=Q 62. Rc3+ Kxc3 63. Kf2 Qd2+ 64. Kg3 Rg1+ 65. Kh4 Qg2 66. Kh5 Qh2# 0-1

[Event "November 21 Late 2023"]
[Site "https://www.chess.com"]
[Date "2023.11.21"]
[Round "8"]
[White "Mazurkiewicz, Michal"]
[Black "TheKnightOfBosnia"]
[Result "0-1"]
[Board "50"]
[TimeControl "180+1"]
[WhiteFideId "1124943"]
[WhiteElo "2124"]
[BlackElo "2616"]
[WhiteTeam "POL"]
[WhiteClock "0:00:00"]
[BlackClock "0:01:10"]

1. e4 e5 2. Nf3 Nc6 3. Bb5 a6 4. Bxc6 dxc6 5. O-O Bd6 6. d4 exd4 7. Qxd4 f6 8. Nbd2 Be6 9. e5 fxe5 10. Nxe5 Ne7 11. Ndc4 O-O 12. Bg5 Nf5 13. Qd2 Qe8 14. Rae1 Qh5 15. g4 Qh3 16. gxf5 Bxc4 17. Qe3 Qxe3 18. Rxe3 Bxf1 19. Kxf1 Rxf5 20. f4 h6 21. Bh4 Rxf4+ 22. Bf2 Bxe5 23. Rxe5 Raf8 24. Re2 R8f5 25. Ke1 Rxf2 26. Rxf2 Rxf2 27. Kxf2 Kf7 28. Kf3 Ke6 29. Kg4 g6 30. h4 Ke5 31. Kf3 Kf5 32. Kg3 Ke4 33. Kg4 Ke3 34. h5 gxh5+ 35. Kxh5 Kd2 36. c4 Kc2 37. Kxh6 Kxb2 38. Kg7 Kc3 39. c5 Kc4 0-1

[Event "November 21 Late 2023"]
[Site "https://www.chess.com"]
[Date "2023.11.21"]
[Round "8"]
[White "Nikologorsky, Matfei"]
[Black "Milchev, Nikolay"]
[Result "1-0"]
[Board "51"]
[TimeControl "180+1"]
[WhiteFideId "24102474"]
[BlackFideId "2906090"]
[WhiteElo "2153"]
[BlackElo "2449"]
[WhiteTeam "FID"]
[BlackTeam "ENG"]
[WhiteClock "0:00:16"]
[BlackClock "0:00:21"]

1. e4 e5 2. Nf3 Nc6 3. Bb5 Nge7 4. Nc3 a6 5. Ba4 Ng6 6. d4 exd4 7. Nxd4 Be7 8. Nf5 O-O 9. O-O d6 10. Nd5 Bf6 11. c3 Bxf5 12. exf5 Nge5 13. Re1 b5 14. Bc2 Nb8 15. a4 bxa4 16. Rxa4 c6 17. Nf4 d5 18. Nh5 Nbd7 19. Be3 Nc4 20. Bc1 Re8 21. h3 Rxe1+ 22. Qxe1 Nc5 23. Ra2 a5 24. Qe2 a4 25. g4 h6 26. Nxf6+ Qxf6 27. f4 Qh4 28. Kg2 Rb8 29. Bxa4 Qf6 30. Bc2 Qd6 31. b4 Ne4 32. Bxe4 Re8 33. Qf2 dxe4 34. Be3 Qd3 35. Bd4 e3 36. Qe2 Qe4+ 37. Qf3 Qd3 38. Qe2 Qe4+ 39. Kh2 Nd2 40. Kg3 Kf8 41. Rxd2 exd2 42. Qxd2 Qh1 43. Bc5+ Kg8 44. Bf2 Qb1 45. g5 Qxf5 46. gxh6 gxh6 47. Kf3 Qxh3+ 48. Bg3 Qh1+ 49. Kf2 Qh3 50. Qd6 h5 51. Qxc6 h4 52. Qxe8+ Kg7 53. Qe5+ f6 54. Qe7+ Kg8 55. Qe3 hxg3+ 56. Qxg3+ Qxg3+ 57. Kxg3 Kf7 58. Kg4 Ke6 59. Kf3 f5 60. Ke3 Kd5 61. Kd3 Kc6 62. Kd4 Kd6 63. c4 Ke6 64. c5 Kf6 65. Kd5 Kg7 66. Ke5 Kg6 67. c6 Kh5 68. Kxf5 Kh4 69. c7 Kg3 70. c8=Q Kf3 71. Qc3+ Ke2 72. Ke4 Kf2 73. Qf3+ 1-0

[Event "November 21 Late 2023"]
[Site "https://www.chess.com"]
[Date "2023.11.21"]
[Round "8"]
[White "Statham_l3"]
[Black "Ventura Bolet, Maxim"]
[Result "1-0"]
[Board "52"]
[TimeControl "180+1"]
[BlackFideId "22238824"]
[WhiteElo "2592"]
[BlackElo "2227"]
[BlackTeam "ESP"]
[WhiteClock "0:00:06"]
[BlackClock "0:00:03"]

1. e4 Nf6 2. e5 Nd5 3. f4 d6 4. d4 c5 5. Nf3 c4 6. Bxc4 dxe5 7. Nc3 Nxc3 8. Nxe5 Nd5 9. Qh5 g6 10. Qf3 e6 11. f5 gxf5 12. Qh5 Qc7 13. Bg5 Nc6 14. Bb5 Bg7 15. Bd8 Kxd8 16. Nxf7+ Ke7 17. Nxh8 Bxh8 18. Qxh7+ Kd6 19. Qxh8 Qa5+ 20. c3 Qxb5 21. O-O-O a5 22. Rhe1 a4 23. a3 Na5 24. Qd8+ Bd7 25. Qxa8 Nc4 26. Qb8+ Ke7 27. Re2 Nxa3 28. Rde1 Nc4 29. Qh8 Nde3 30. Qh4+ Kd6 31. Qf4+ Kc6 32. Qf3+ Kb6 33. d5 a3 34. b4 a2 35. Rxa2 exd5 36. Rxe3 Nxe3 37. Qxe3+ Kc7 38. Qf4+ Kb6 39. Ra5 Qc4 40. Qxc4 dxc4 41. Rc5 Bc6 42. Rxc4 Bxg2 43. Rf4 Bh3 44. Rf3 Bg4 45. Rg3 Be2 46. h3 Kc6 47. h4 Kd6 48. Rg5 Ke5 49. Kd2 Bf3 50. Ke3 Bd1 51. h5 Kf6 52. Kf4 Bc2 53. h6 b5 54. h7 Be4 55. h8=Q+ Ke6 56. Qe5+ Kd7 57. Rg7+ Kc6 58. Qe6# 1-0

[Event "November 21 Late 2023"]
[Site "https://www.chess.com"]
[Date "2023.11.21"]
[Round "8"]
[White "Leiva, Gianmarco"]
[Black "Kovalevsky, Stanislav"]
[Result "1-0"]
[Board "53"]
[TimeControl "180+1"]
[WhiteFideId "3804399"]
[BlackFideId "13508598"]
[WhiteElo "2335"]
[BlackElo "2092"]
[WhiteTeam "PER"]
[BlackTeam "FID"]
[WhiteClock "0:01:15"]
[BlackClock "0:00:08"]

1. b3 d5 2. Bb2 Nf6 3. e3 c5 4. Nf3 Nc6 5. d4 e6 6. Bd3 cxd4 7. exd4 Bd6 8. O-O O-O 9. Nbd2 Re8 10. a3 h6 11. Ne5 Bxe5 12. dxe5 Nd7 13. f4 Nc5 14. Rf3 Qb6 15. Kh1 Nxd3 16. Rxd3 Bd7 17. Qg4 Ne7 18. Nf3 Rac8 19. Nd4 Nf5 20. Nxf5 exf5 21. Qe2 Bb5 22. Rad1 Bxd3 23. Qxd3 Qc6 24. Rd2 Qe6 25. a4 Red8 26. h3 g6 27. Bd4 a6 28. c3 Rc6 29. b4 Rdc8 30. Qf3 Rc4 31. a5 Kh7 32. Rd3 Qc6 33. Bc5 Re4 34. Kh2 Qa4 35. Rxd5 Qc2 36. Rd7 Kg8 37. e6 fxe6 38. Qg3 g5 39. fxg5 f4 40. Qg4 f3 41. Qxf3 Kh8 1-0

[Event "November 21 Late 2023"]
[Site "https://www.chess.com"]
[Date "2023.11.21"]
[Round "8"]
[White "Weisz, Bryan"]
[Black "WindWhistler11"]
[Result "0-1"]
[Board "54"]
[TimeControl "180+1"]
[WhiteFideId "30934133"]
[WhiteElo "2461"]
[BlackElo "2565"]
[WhiteTeam "USA"]
[WhiteClock "0:00:53"]
[BlackClock "0:01:02"]

1. e4 e6 2. d4 d5 3. e5 c5 4. c3 Nc6 5. Nf3 Bd7 6. Bd3 cxd4 7. cxd4 Qb6 8. Nc3 a6 9. O-O Nxd4 10. Nxd4 Qxd4 11. Qe2 Ne7 12. Rd1 Nc6 13. Bxa6 Qxe5 14. Bxb7 Qxe2 15. Nxe2 Rb8 16. Bxc6 Bxc6 17. b3 Be7 18. Bb2 O-O 19. Rac1 Rfc8 20. Nd4 Bd7 21. Nf3 f6 22. Kf1 Kf7 23. Ke2 Bb5+ 24. Ke3 Bc5+ 25. Kf4 g5+ 26. Kg3 h5 27. Nd4 Bd7 28. f3 h4+ 29. Kf2 e5 30. Rxc5 Rxc5 31. Ne2 Rc2 32. Ba3 Bb5 0-1

[Event "November 21 Late 2023"]
[Site "https://www.chess.com"]
[Date "2023.11.21"]
[Round "8"]
[White "Ozates, Tuna"]
[Black "Batsiashvili, Nino"]
[Result "1-0"]
[Board "55"]
[TimeControl "180+1"]
[WhiteFideId "6354521"]
[BlackFideId "13602993"]
[WhiteElo "2151"]
[BlackElo "2233"]
[WhiteTeam "TUR"]
[BlackTeam "GEO"]
[WhiteClock "0:00:08"]
[BlackClock "0:00:12"]

1. e4 e5 2. Nf3 Nc6 3. Bc4 Nf6 4. d3 Bc5 5. c3 d6 6. Nbd2 a6 7. a4 O-O 8. O-O Ba7 9. h3 Be6 10. b4 Ne7 11. Bxe6 fxe6 12. Ra2 Ng6 13. Re1 Nf4 14. Nf1 N6h5 15. d4 exd4 16. cxd4 Qe8 17. Kh2 Qg6 18. g3 Rf7 19. Nh4 Qf6 20. e5 dxe5 21. dxe5 Qe7 22. Qg4 Qxb4 23. Rd1 Raf8 24. gxf4 Nxf4 25. Ba3 Qb3 26. Raa1 Re8 27. Bc1 Ref8 28. Be3 Bxe3 29. Nxe3 Qb2 30. Nhg2 Qxe5 31. Kh1 Nxg2 32. Nxg2 Rxf2 33. Re1 Qc3 34. Rac1 Qd3 35. Rxc7 Rf1+ 36. Kh2 Qd7 37. Qg3 Qxc7 38. Qxc7 Rxe1 39. Nxe1 h5 40. Ng2 a5 41. Qxb7 Rf7 42. Qb5 Re7 43. Qxa5 e5 44. Qd5+ Kh7 45. Qe4+ Kh6 46. Ne3 g6 47. Nd5 Re6 48. a5 Ra6 49. Qe3+ g5 50. Qxe5 Kg6 51. Nc3 Rf6 52. Ne4 g4 53. Qxf6+ Kh7 54. Ng5+ Kg8 55. Qf7+ Kh8 56. Qh7# 1-0

[Event "November 21 Late 2023"]
[Site "https://www.chess.com"]
[Date "2023.11.21"]
[Round "8"]
[White "szachmistrz2500"]
[Black "Shapiro, Viktor"]
[Result "0-1"]
[Board "56"]
[TimeControl "180+1"]
[BlackFideId "4175700"]
[WhiteElo "2438"]
[BlackElo "2084"]
[BlackTeam "RUS"]
[WhiteClock "0:01:44"]
[BlackClock "0:01:45"]

1. Nf3 Nf6 2. g3 g6 3. Bg2 Bg7 4. d3 O-O 5. e4 d6 6. O-O c5 7. c3 Nc6 8. Re1 e5 9. d4 cxd4 10. cxd4 Bg4 11. d5 Nd4 12. Nc3 Rc8 13. Qd3 Bxf3 14. Bxf3 b5 15. Bd1 Qa5 16. Be3 b4 17. Ne2 Nf3+ 18. Kf1 Nxe1 19. Kxe1 Ng4 20. Bd2 Qb6 21. Qf3 Nxh2 22. Qh1 Ng4 23. Qf3 f5 0-1

[Event "November 21 Late 2023"]
[Site "https://www.chess.com"]
[Date "2023.11.21"]
[Round "8"]
[White "Willy, Stephen"]
[Black "Jovic, Stanoje"]
[Result "1-0"]
[Board "57"]
[TimeControl "180+1"]
[WhiteFideId "30981468"]
[BlackFideId "905020"]
[WhiteElo "2139"]
[BlackElo "2249"]
[WhiteTeam "USA"]
[BlackTeam "SRB"]
[WhiteClock "0:00:09"]
[BlackClock "0:00:00"]

1. e4 c6 2. c4 d5 3. cxd5 cxd5 4. exd5 Nf6 5. Nc3 Nxd5 6. Nf3 Nc6 7. Bb5 Nc7 8. Ba4 Bd7 9. d4 e6 10. O-O Be7 11. Bf4 O-O 12. Re1 Re8 13. Bc2 g6 14. Rc1 Nb4 15. Bb3 Ncd5 16. Be5 Bc6 17. Ne4 h6 18. Qd2 Kh7 19. a3 Na6 20. Bxd5 Bxd5 21. Qf4 f5 22. Nc3 Rc8 23. h4 Bxf3 24. Qxf3 Bxh4 25. Qxb7+ Nc7 26. Nb5 Re7 27. Nxc7 Rb8 28. Qc6 Rxb2 29. g3 Bg5 30. Nxe6 Qa5 31. Nxg5+ hxg5 32. Qf6 Qd8 33. Rc7 1-0

[Event "November 21 Late 2023"]
[Site "https://www.chess.com"]
[Date "2023.11.21"]
[Round "8"]
[White "PapaieDudu"]
[Black "Sanchez Alvares, Kelvin Antonio"]
[Result "1-0"]
[Board "58"]
[TimeControl "180+1"]
[BlackFideId "3906680"]
[WhiteElo "2400"]
[BlackElo "2217"]
[BlackTeam "VEN"]
[WhiteClock "0:00:08"]
[BlackClock "0:00:31"]

1. d4 Nf6 2. c4 e6 3. Nc3 Bb4 4. Nf3 O-O 5. Bg5 h6 6. Bh4 g5 7. Bg3 Ne4 8. Rc1 d6 9. e3 f5 10. Bd3 Nc6 11. O-O Bxc3 12. bxc3 Qf6 13. d5 Ne5 14. Bxe5 dxe5 15. Bxe4 fxe4 16. Nd2 exd5 17. cxd5 Bf5 18. f3 exf3 19. Qxf3 Qg6 20. e4 Bd7 21. Qg3 Rf4 22. Rxf4 exf4 23. Qf3 Rf8 24. e5 Qb6+ 25. Qf2 Qb2 26. Nb3 Qa3 27. e6 Ba4 28. Qxa7 b5 29. Qc5 Qb2 30. Qf2 Qa3 31. Qc2 Kg7 32. c4 bxc4 33. Qxc4 Qxa2 34. Qxc7+ Kg6 35. Nd4 Qxd5 36. Nf3 Qxe6 37. Re1 Qc6 38. Ne5+ 1-0

[Event "November 21 Late 2023"]
[Site "https://www.chess.com"]
[Date "2023.11.21"]
[Round "8"]
[White "Vafin, Ayrat"]
[Black "Garrido, Denis"]
[Result "0-1"]
[Board "59"]
[TimeControl "180+1"]
[WhiteFideId "4146530"]
[BlackFideId "601217"]
[WhiteElo "2317"]
[BlackElo "2391"]
[WhiteTeam "RUS"]
[BlackTeam "FRA"]
[WhiteClock "0:00:03"]
[BlackClock "0:00:12"]

1. Nf3 Nf6 2. g3 d5 3. Bg2 e6 4. O-O Be7 5. c4 O-O 6. b3 d4 7. Bb2 c5 8. e3 Nc6 9. exd4 cxd4 10. Re1 Re8 11. Ne5 Nxe5 12. Rxe5 Bd6 13. Re1 e5 14. d3 Qc7 15. Nd2 Bg4 16. Qc2 a5 17. a3 Ra6 18. Ne4 Nxe4 19. Bxe4 Bf8 20. f4 Rf6 21. fxe5 Rxe5 22. Bxd4 Bc5 23. Bxc5 Qxc5+ 24. Kg2 Qd4 25. Rf1 Rh6 26. h4 Rhe6 27. Qf2 Qd7 28. Rae1 Bh3+ 29. Kh2 Bxf1 30. Qxf1 g6 31. Re2 Qe7 32. Rf2 f5 33. Bd5 Rxd5 34. cxd5 Re3 35. Qc1 Qe5 36. Rf4 Re2+ 37. Kh3 Kg7 38. Qc8 Qxd5 39. Qc7+ Kh6 40. Qc1 Qg2# 0-1

[Event "November 21 Late 2023"]
[Site "https://www.chess.com"]
[Date "2023.11.21"]
[Round "8"]
[White "Estrategia_vs_Tactica"]
[Black "Pinto, Daniel"]
[Result "1-0"]
[Board "60"]
[TimeControl "180+1"]
[BlackFideId "3303144"]
[WhiteElo "2353"]
[BlackElo "2149"]
[BlackTeam "BOL"]
[WhiteClock "0:01:28"]
[BlackClock "0:00:00"]

1. d4 Nf6 2. Nf3 g6 3. c4 c5 4. d5 Bg7 5. Nc3 d6 6. e4 O-O 7. Be2 e6 8. O-O exd5 9. cxd5 Re8 10. Qc2 b6 11. Re1 Ba6 12. Bxa6 Nxa6 13. h3 Qd7 14. Bf4 b5 15. a3 b4 16. Nd1 bxa3 17. Rxa3 Nb4 18. Qb1 Nh5 19. Bh2 f5 20. exf5 gxf5 21. Rae3 Rxe3 22. Nxe3 f4 23. Nf5 Nxd5 24. Qe4 Nhf6 25. Qd3 Re8 26. Rxe8+ Qxe8 27. Nxd6 Qb8 28. Ne4 Qxb2 29. Nxf6+ Nxf6 30. Qd8+ Bf8 31. Bxf4 Qb1+ 32. Kh2 Qf5 33. Bh6 Ne4 34. Bxf8 Qf4+ 35. g3 Qxf3 36. Bh6+ Kf7 37. Qf8+ 1-0

[Event "November 21 Late 2023"]
[Site "https://www.chess.com"]
[Date "2023.11.21"]
[Round "8"]
[White "Rodriguez Dominguez, Melissa"]
[Black "Hajiyev, Kanan"]
[Result "1/2-1/2"]
[Board "61"]
[TimeControl "180+1"]
[WhiteFideId "3517560"]
[BlackFideId "13404148"]
[WhiteElo "2012"]
[BlackElo "2102"]
[WhiteTeam "CUB"]
[BlackTeam "AZE"]
[WhiteClock "0:00:07"]
[BlackClock "0:00:14"]

1. e4 c6 2. c4 d5 3. exd5 cxd5 4. cxd5 Nf6 5. Qa4+ Qd7 6. Qxd7+ Nbxd7 7. Nc3 Nb6 8. Nb5 Nfxd5 9. Nf3 a6 10. Nc3 Bg4 11. Be2 Nf4 12. d4 Nxg2+ 13. Kf1 Bh3 14. Kg1 h6 15. Bf1 g5 16. Bxg2 Bf5 17. Ne5 Rb8 18. h4 g4 19. Bf4 Rd8 20. Bxb7 Rxd4 21. Bc6+ Nd7 22. Be3 Rd6 23. Bxd7+ Bxd7 24. Nxd7 Rxd7 25. Kg2 Bg7 26. Rhd1 f5 27. Rxd7 Kxd7 28. Rd1+ Kc6 29. Bd4 e5 30. Be3 Rb8 31. Bc1 h5 32. f3 Bf6 33. fxg4 hxg4 34. h5 e4 35. h6 Be5 36. Rf1 Rf8 37. Nxe4 Kd5 38. Ng3 f4 39. Nh5 f3+ 40. Kh1 Rf5 41. Ng7 Rf7 42. Nh5 Rf5 43. Ng7 Rf7 44. Nh5 Rf5 1/2-1/2

[Event "November 21 Late 2023"]
[Site "https://www.chess.com"]
[Date "2023.11.21"]
[Round "8"]
[White "Maksimovic, Bojan"]
[Black "OKEKE, Isaac Chukwudalu"]
[Result "1-0"]
[Board "62"]
[TimeControl "180+1"]
[WhiteFideId "14408120"]
[BlackFideId "8508526"]
[WhiteElo "2546"]
[BlackElo "2161"]
[WhiteTeam "BIH"]
[BlackTeam "NGR"]
[WhiteClock "0:01:38"]
[BlackClock "0:00:18"]

1. a3 d5 2. d4 Nf6 3. c4 c6 4. cxd5 cxd5 5. Nc3 g6 6. Nf3 Bg7 7. Bf4 O-O 8. e3 Nc6 9. h3 Bf5 10. Be2 Ne4 11. Rc1 Rc8 12. O-O Nxc3 13. Rxc3 a6 14. Qb3 Qd7 15. Qb6 f6 16. Rfc1 e5 17. Bh2 Be4 18. b4 exd4 19. Nxd4 Nxd4 20. Qxd4 f5 21. Be5 Rxc3 22. Rxc3 f4 23. f3 Bf6 1-0